 Dungeon Crawl Stone Soup version 0.23.0 (webtiles) character file.

Game seed: 3415632020420330705

21 Ivernyr the Insei (level 2, -1/14 HPs)
             Began as a Vine Stalker Transmuter on Feb 18, 2019.
             Slain by a quokka (2 damage)
             ... on level 1 of the Dungeon.
             The game lasted 00:01:23 (772 turns).

Ivernyr the Insei (Vine Stalker Transmuter)          Turns: 772, Time: 00:01:23

Health: -1/14      AC:  2    Str: 12    XL:     2   Next: 83%
Magic:  0/6        EV: 12    Int: 13    God:
Gold:   51         SH:  0    Dex: 14    Spells: 2/5 levels left

rFire    . . .     SeeInvis .     - Unarmed
rCold    . . .     Gourm    .   (no shield)
rNeg     . . .     Faith    .   b - +0 robe
rPois    .         Spirit   +   (no helmet)
rElec    .         Reflect  .   (no cloak)
rCorr    .         Harm     .   (no gloves)
MR       .....                  (boots currently unavailable)
Stlth    +.........             (no amulet)
HPRegen  0.04/turn              (no ring)
MPRegen  0.10/turn              (no ring)

@: appendage
A: fangs 2, talons 3, magic shield, antimagic bite, no potion heal 3, rot
immunity
a: End Transformation


You were on level 1 of the Dungeon.
You were not hungry.
You had grown temporary talons.
You visited 1 branch of the dungeon, and saw 2 of its levels.

You collected 51 gold pieces.

Inventory:

Missiles
 a - 12 arrows
Armour
 b - a +0 robe (worn)
Scrolls
 c - 2 scrolls of fear {unknown}
 f - 2 scrolls of identify {unknown}
 g - a scroll of remove curse {unknown}
Potions
 e - 3 potions of brilliance {unknown}
Comestibles
 d - 5 rations


   Skills:
 + Level 1.2 Fighting
 + Level 1.8 Dodging
 - Level 3.0 Unarmed Combat
 + Level 2.4 Spellcasting
 * Level 2.5 Transmutations


You had 2 spell levels left.
You knew the following spells:

 Your Spells              Type           Power        Failure   Level  Hunger
a - Beastly Appendage     Tmut           #.....       9%          1    #......
b - Sticks to Snakes      Tmut           #.......     13%         2    ###....

Your spell library contained the following spells:

 Spells                   Type           Power        Failure   Level  Hunger
 Spider Form              Tmut/Pois      #.........   41%         3    ###....
 Ice Form                 Ice/Tmut       #.......     82%         4    #####..
 Blade Hands              Tmut           #.........   93%         5    ######.


Dungeon Overview and Level Annotations

Branches:
Dungeon (2/15)

Altars:

Annotations:
D:2 Robin


Innate Abilities, Weirdness & Mutations

You have extremely sharp teeth.
When hurt, damage is shared between your health and your magic reserves.
Your bite disrupts and absorbs the magic of your enemies.
Potions cannot restore your health.
You are immune to rotting.
You have claws for feet.


Message History

Confirm with . or Enter, or press ? or * to list all spells.
Your feet morph into talons.
The quokka barely misses you.
You hit the quokka. Your bite misses the quokka.
The quokka is moderately wounded.
The quokka completely misses you. The quokka bites you.
* * * LOW HITPOINT WARNING * * *
You hit the quokka but do no damage. You punch the quokka.
The quokka is almost dead.
The quokka bites you.
* * * LOW HITPOINT WARNING * * *
You hit the quokka but do no damage. Your bite misses the quokka.
The quokka is almost dead.
The quokka bites you but does no damage.
You hit the quokka but do no damage.
The quokka is almost dead.
The quokka barely misses you.
You barely miss the quokka.
The quokka is almost dead.
The quokka bites you.
You die...

##..#####...##..#
##..#######.##..####
........)...##.....# ###
##..####.#.###.###.# #..
......##.#...#.###.####### #.#
..............>..........######.#
#..#.............................
#.#...##.#.###.###.#####.........
...............r@...# ########.#
#.###.############..# #........#
#.# #.# #..# #.######.#
#.###.##### #..# #.# #..
..........# #..# #.# #.#
#########.########..# #.# ####.#
#...........####.# #....#
###########......# #.####
######## #.#


You could see a quokka.

Vanquished Creatures
  A dart slug (D:1)
  A leopard gecko (D:1)
  2 ball pythons (D:1)
  2 goblins (D:1)
  5 hobgoblins (D:1)
  A bat (D:1)
  A frilled lizard (D:1)
  A kobold (D:1)
  3 rats (D:1)
17 creatures vanquished.

Notes
Turn   | Place    | Note
-------+----------+-------------------------------------------
     0 | D:1      | Ivernyr the Vine Stalker Transmuter began the quest for the
                  | Orb.
     0 | D:1      | Reached XP level 1. HP: 9/9 MP: 4/4
   135 | D:1      | Reached skill level 1 in Fighting
   363 | D:1      | Reached XP level 2. HP: 14/14 MP: 6/6
   367 | D:1      | Learned a level 2 spell: Sticks to Snakes
   749 | D:2      | Noticed Robin
   772 | D:1      | Slain by a quokka

Skill      XL: |  1 |
---------------+----+-----
Fighting       | 1 |  1.2
Dodging        | |  1.8
Unarmed Combat | |  3.0
Spellcasting   | |  2.4
Transmutations | |  2.5

Action                   || total
-------------------------++-------
Melee: Unarmed           ||    40
       Bite              ||     5
       Kick              ||     4
       Headbutt          ||     1
       Punch             ||     1
 Cast: Beastly Appendage ||     5
Armor: Robe              ||     8
Dodge: Dodged            ||    30
